 Dungeon Crawl Stone Soup version 0.28.0 (webtiles) character file.

Game seed: 1680184036055418380

97 honds19 the Skirmisher (level 4, 0/41 HPs)
             Began as a Minotaur Fighter on Feb 10, 2022.
             Killed by divine providence
             ... invoked by an orc priest
              (14 damage)
             ... on level 3 of the Dungeon.
             The game lasted 00:15:58 (3106 turns).

honds19 the Skirmisher (Minotaur Fighter)           Turns: 3106, Time: 00:15:58

Health: 0/41       AC: 11    Str: 22    XL:     4   Next: 42%
Magic:  3/3        EV:  6    Int:  5    God:
Gold:   58         SH:  5    Dex: 16    Spells: 3/3 levels left

rFire   . . .      SeeInvis .   a - +0 trident
rCold   . . .      Faith    .   c - +0 buckler
rNeg    . . .      Spirit   .   g - +0 plate armour
rPois   .          Reflect  .   (helmet restricted)
rElec   .          Harm     .   (no cloak)
rCorr   .          Rampage  .   (no gloves)
Will    .....                   (no boots)
Stlth   ..........              (no amulet)
HPRegen 0.13/turn               j - +6 ring of dexterity
MPRegen 0.08/turn               (no ring)

@: mighty
A: horns 2, retaliatory headbutt
a: no special abilities


You were on level 3 of the Dungeon.
You visited 1 branch of the dungeon, and saw 3 of its levels.

You collected 58 gold pieces.

Inventory:

Hand Weapons
 a - a +0 trident (weapon)
Missiles
 p - 4 javelins
Armour
 b - a +0 scale mail
 c - a +0 buckler (worn)
 g - a +0 plate armour (worn)
Jewellery
 j - a +6 ring of dexterity (left hand)
Scrolls
 f - 2 scrolls of enchant weapon {unknown}
 h - a scroll of holy word {unknown}
 i - 6 scrolls of identify {unknown}
 m - a scroll of fog {unknown}
 o - a scroll of torment {unknown}
Potions
 e - a potion of heal wounds {unknown}
 k - a potion of invisibility {unknown}
 l - 2 potions of degeneration {unknown}
 n - a potion of brilliance {unknown}
 q - a potion of curing {unknown}


   Skills:
 + Level 4.4 Fighting
 + Level 4.2 Polearms
 + Level 4.1 Armour
 + Level 0.4 Dodging
 + Level 4.1 Shields


You had 3 spell levels left.
You didn't know any spells.
Your spell library was empty.

Dungeon Overview and Level Annotations

Branches:
Dungeon (3/15)

Altars:


Innate Abilities, Weirdness & Mutations

You have a pair of horns on your head.
You reflexively headbutt those who attack you in melee.


Message History

a +0 club; a goblin corpse You now have 58 gold pieces (gained 12).
A goblin comes into view. It is wielding a +0 club.
The goblin shouts!
You hit the goblin but do no damage. The goblin hits you but does no damage.
You puncture the goblin!
You kill the goblin!
Things that are here:
a +0 club; a goblin corpse
Found 3 large rocks.
q - a cyan potion An orc is nearby!
The orc shouts!
You closely miss the orc.
The orc priest shouts!
The orc hits you with a +0 morningstar.
You hit the orc.
The orc is moderately wounded.
The orc hits you but does no damage.
You hit the orc.
The orc is moderately wounded.
The orc hits you with a +0 morningstar.
The orc priest invokes the aid of Beogh against you.
Beogh smites you! The orc hits you with a +0 morningstar.
You are too injured to fight recklessly!
You are too injured to fight recklessly!
You are too injured to fight recklessly!
You are too injured to fight recklessly!
You are too injured to fight recklessly!
You are too injured to fight recklessly!
You are too injured to fight recklessly!
You are too injured to fight recklessly!
You feel very mighty all of a sudden.
The orc priest hits you but does no damage.
The orc hits you with a +0 morningstar.
You hit the orc priest.
The orc priest is moderately wounded.
The orc priest calls down the wrath of Beogh upon you.
Beogh smites you!
You die...

.....####.##.##.##.# ..
.....'..#.##.......# ##
.....##.#.#####.##.######
8.8.##..#.......##......#
.#.##.#.........###.###....
..###...#.#.........†# #
.##........#...##...#.......
##.#.##.#...#..##o.#.!.#####
##.#.##.#....#..@o#....#
##......#.....#..#.....#
####.#####.##..##..##..#
##.....##..##..# ..# ..#
##.....##.....#..#....##
##.....##....#....#...
##.........(# .##..#..#
##.........#...# ...#.#
#######...#..... ...


You could see an orc priest and an orc.

Vanquished Creatures
  A gnoll (D:1)
  2 adders
  A worm (D:2)
  2 dart slugs
  An orc (D:2)
  5 ball pythons
  5 endoplasms
  3 giant cockroaches
  7 goblins
  6 hobgoblins
  5 quokkas
  9 bats
  2 frilled lizards
  4 kobolds
  3 rats
56 creatures vanquished.

Notes
Turn   | Place    | Note
-------+----------+-------------------------------------------
     0 | D:1      | honds19 the Minotaur Fighter began the quest for the Orb.
     0 | D:1      | Reached XP level 1. HP: 19/19 MP: 0/0
   867 | D:1      | Reached XP level 2. HP: 27/27 MP: 1/1
  1584 | D:1      | Reached XP level 3. HP: 30/33 MP: 2/2
  2465 | D:2      | Found a faded altar of an unknown god.
  2582 | D:2      | Reached XP level 4. HP: 40/41 MP: 3/3
  3106 | D:3      | Killed from afar by an orc priest

Illustrated notes

Levels and vault maps discovered:
D:1:      amcnicky_arrival_feature_with_door, layout_basic,
          kennysheep_pointless_box
D:2:      layout_loops_ring, hellmonk_ecumenical_altar_pennies_from_heaven
D:3:      layout_loops_cross, chequers_serial_rivers_micro_a, minivault_26,
          dk_noncrumbling_3, minmay_surrounded

Skill      XL: |  1  2  3  4 |
---------------+-------------+-----
Shields        | 4 |  4.1
Fighting       | 4 |  4.4
Armour         | 4 |  4.1
Polearms       | 3 4 |  4.2
Dodging        | |  0.4

Action                   |  1- 3 |  4- 6 || total
-------------------------+-------+-------++-------
Melee: Trident           |    85 |    40 ||   125
       Headbutt          |    11 |     5 ||    16
  Use: Potion            |       |     1 ||     1
Armor: Plate armour      |    39 |    24 ||    63
       Scale mail        |     3 |       ||     3
Dodge: Dodged            |    25 |     6 ||    31
Block: Buckler           |    15 |     8 ||    23
